 Dungeon Crawl Stone Soup version 0.17-a0-18-gc25b939 (webtiles) character file.

338 JacquesDerrida the Caller (level 6, -3/41 HPs)
             Began as a Merfolk Summoner on Mar 7, 2015.
             Shot with an arrow by a centaur (12 damage)
             ... on level 5 of the Dungeon.
             The game lasted 00:13:20 (2085 turns).

JacquesDerrida the Caller (Merfolk Summoner)        Turns: 2085, Time: 00:13:20

Health: -3/41      AC:  3    Str:  9    XL:     6   Next: 55%
Magic:  4/10       EV: 13    Int: 16    God:
Gold:   112        SH:  0    Dex: 14    Spells: 3 memorised, 3 levels left

rFire  . . .     SeeInvis .     p - +0 trident
rCold  . . .     Clarity  .     a - +0 robe
rNeg   . . .     SustAb   .     (no shield)
rPois  +         Gourm    .     (no helmet)
rElec  .         Spirit   .     (no cloak)
rCorr  .         Warding  .     (no gloves)
rMut   .         Stasis   .     m - +0 pair of boots
MR     .....                    (no amulet)
Stlth  ++........               (no ring)
                                e - ring of poison resistance

@: very slightly contaminated, not resistant to hostile enchantments, unstealthy
A: change form in water, swift swim
a: no special abilities


You were on level 5 of the Dungeon.
You were very hungry.

You visited 2 branches of the dungeon, and saw 6 of its levels.

You collected 112 gold pieces.

Inventory:

Hand weapons
 d - a +0 halberd
 p - a +0 trident (weapon)
Missiles
 f - 27 poisoned needles
 n - 4 tomahawks (quivered)
Armour
 a - a +0 robe (worn)
 m - a +0 pair of boots (worn)
Jewellery
 e - a ring of poison resistance (left hand)
Scrolls
 g - 2 scrolls of remove curse
 h - a scroll of fog {unknown}
 k - a scroll of identify
 q - a scroll of random uselessness {unknown}
 r - a scroll of teleportation {unknown}
Potions
 i - 2 potions of curing
 j - 2 potions of might {unknown}
Books
 b - a book of Callings

   Spells                             Type                      Level
   a - Summon Small Mammal            Summoning                    1
   b - Call Imp                       Summoning                    2
   c - Call Canine Familiar           Summoning                    3
   d - Summon Guardian Golem          Hexes/Summoning              4
   e - Summon Lightning Spire         Summoning/Air                4
   f - Summon Ice Beast               Ice/Summoning                4
Comestibles
 c - 3 bread rations
 l - a meat ration


   Skills:
 + Level 5.6 Polearms
 - Level 2.6 Dodging
 - Level 2.1 Stealth
 - Level 2.1 Spellcasting
 + Level 6.3 Summonings


You had 3 spell levels left.
You knew the following spells:

 Your Spells              Type           Power        Failure   Level  Hunger
a - Summon Small Mammal   Summ           ###.         1%          1    #......
b - Call Imp              Summ           ###.....     2%          2    ###....
c - Call Canine Familiar  Summ           ###.....     6%          3    ###....


Dungeon Overview and Level Annotations

Branches:
Dungeon (5/15)             Temple (1/1) D:5

Altars:
Dithmenos
Elyvilon
Kikubaaqudgha
Makhleb
Nemelex Xobeh
Okawaru
Qazlal
Ru
Vehumet
Yredelemnul

Shops:
D:5 !}*


Message History

The centaur shouts!
The bat barely misses you.
The centaur shoots an arrow.
The arrow closely misses you.
The kobold shoots a bolt.
The bolt closely misses you.
You see here an arrow.
Unknown command.
The bat hits you but does no damage.
The centaur shoots an arrow.
The arrow hits you!
Things that are here:
an arrow; a bolt Unknown command.
The bat closely misses you.
The centaur shoots an arrow.
The arrow hits you.
The kobold shoots a bolt.
The bolt hits you.
You see here an arrow.
The bat misses you. The bat hits you.
The centaur shoots an arrow.
The arrow hits you!
* * * LOW HITPOINT WARNING * * *
You see here an arrow.
The bat completely misses you.
The centaur shoots an arrow.
The arrow hits you!
You die...

##.......###
#..........###
#............##
#..........)..# .
#.............. #..####
#.............. .......
####.............
.......##(..[............
.........@..##............
.......((b####............
..c......(## ##...........
.........(# #...........
........(.# ##..........
.......K...# ##.........
..........# #.........
........### ##<.......
#.....### ########.


You could see a centaur, a bat and a kobold.

Vanquished Creatures
  2 ice beasts (D:5)
  A hound (D:5)
  A worm (D:3)
  A ball python (D:3)
  2 giant cockroaches
  A giant gecko zombie (D:5)
  A giant newt (D:2)
  3 goblins
  2 quokkas
14 creatures vanquished.

Vanquished Creatures (collateral kills)
  An ogre (D:5)
  A crimson imp (D:5)
  An orc priest (D:3)
  A hound (D:4)
  An orc wizard (D:4)
  An adder (D:2)
  A gnoll (D:2)
  3 giant geckos
  An ooze (D:3)
  6 orcs
  2 bats
  A bat zombie (D:5)
  3 giant cockroaches
  2 goblins
  2 hobgoblins (D:1)
  2 quokkas
  A giant newt (D:2)
  4 kobolds
  2 rats (D:2)
36 creatures vanquished.

Vanquished Creatures (others)
  5 crimson imps
  4 hounds
  A shadow imp (D:2)
  2 white imps
  2 bats (D:1)
  9 rats
23 creatures vanquished.

Grand Total: 73 creatures vanquished

Notes
Turn   | Place    | Note
--------------------------------------------------------------
     0 | D:1      | JacquesDerrida, the Merfolk Summoner, began the quest for the Orb.
     0 | D:1      | Reached XP level 1. HP: 13/13 MP: 3/3
   423 | D:2      | Reached XP level 2. HP: 19/19 MP: 0/4
   427 | D:2      | Learned a level 2 spell: Call Imp
   873 | D:2      | Reached XP level 3. HP: 24/24 MP: 0/6
   985 | D:3      | Learned a level 3 spell: Call Canine Familiar
  1029 | D:3      | Reached skill level 1 in Polearms
  1029 | D:3      | Reached skill level 5 in Summonings
  1195 | D:3      | Reached XP level 4. HP: 23/30 MP: 5/7
  1481 | D:5      | Entered Level 5 of the Dungeon
  1481 | D:5      | Found Klauv's Assorted Antiques.
  1563 | D:5      | Found a white marble altar of Elyvilon.
  1642 | D:5      | Found a shadowy altar of Dithmenos.
  1651 | D:5      | Reached XP level 5. HP: 24/35 MP: 1/9
  1677 | D:5      | Found Acrihugi's Gadget Boutique.
  1678 | D:5      | Found Xaent's Distillery.
  1747 | D:5      | Noticed an ogre
  1750 | D:5      | Noticed an ice beast
  1766 | D:5      | Killed an ogre
  1839 | D:5      | Killed an ice beast
  1839 | D:5      | Reached skill level 5 in Polearms
  1839 | D:5      | Reached skill level 6 in Summonings
  1839 | D:5      | Reached XP level 6. HP: 25/41 MP: 2/10
  1890 | D:5      | Found a staircase to the Ecumenical Temple.
  1900 | Temple   | Entered the Ecumenical Temple
  1988 | D:5      | Noticed an ice beast
  2029 | D:5      | Killed an ice beast
  2081 | D:5      | Noticed a centaur
  2085 | D:5      | Shot with an arrow by a centaur

Action                   |  1- 3 |  4- 6 || total
-------------------------+-------+-------++-------
Melee: Unarmed           |    16 |       ||    16
       Halberd           |    25 |    12 ||    37
       Trident           |       |    40 ||    40
 Cast: Summon Small Mamm |    23 |       ||    23
       Call Imp          |    20 |    13 ||    33
       Call Canine Famil |     3 |     9 ||    12
  Use: Potion            |     2 |       ||     2
       Scroll            |     3 |     1 ||     4
 Stab: Distracted        |       |     4 ||     4
       Sleeping          |       |     1 ||     1
  Eat: Chunk             |     4 |     2 ||     6
       Pizza             |       |     1 ||     1
